[ AOE2 MATCH · #479719998 ]
UnrankedGeorgians vs Huns
[ REPLAY ANALYSIS · EXTRACTED FROM THE RECORDED GAME ]
Feudal
12:44
Castle
27:28
Imperial
—
| APM avg | 26.0 |
| APM peak | 52 |
| eAPM avg | 10.7 |
| Villagers / military | 48 / 21 |
Focus
⚔️ 19.9% · 🌾 80.1%
Scout Cavalry ×14 · Spearman ×4 · Knight ×3
Feudal
13:00
Castle
20:53
Imperial
—
| APM avg | 21.7 |
| APM peak | 54 |
| eAPM avg | 7.6 |
| Villagers / military | 47 / 6 |
Focus
⚔️ 28.8% · 🌾 71.2%
Knight ×4 · Scorpion ×2
Feudal
14:11
Castle
20:53
Imperial
—
| APM avg | 30.9 |
| APM peak | 66 |
| eAPM avg | 14.4 |
| Villagers / military | 31 / 0 |
Focus
⚔️ 20.4% · 🌾 79.6%
Feudal
13:15
Castle
22:52
Imperial
—
| APM avg | 24.6 |
| APM peak | 56 |
| eAPM avg | 12.0 |
| Villagers / military | 49 / 17 |
Focus
⚔️ 21.0% · 🌾 79.0%
Archer ×17
Feudal
14:06
Castle
27:39
Imperial
—
| APM avg | 34.4 |
| APM peak | 96 |
| eAPM avg | 12.3 |
| Villagers / military | 48 / 17 |
Focus
⚔️ 9.6% · 🌾 90.4%
Archer ×13 · Spearman ×4
Feudal
14:56
Castle
—
Imperial
—
| APM avg | 14.0 |
| APM peak | 25 |
| eAPM avg | 9.0 |
| Villagers / military | 47 / 22 |
Focus
⚔️ 26.3% · 🌾 73.7%
Serjeant ×13 · Spearman ×9
Feudal
14:46
Castle
19:56
Imperial
—
| APM avg | 27.8 |
| APM peak | 52 |
| eAPM avg | 12.3 |
| Villagers / military | 67 / 6 |
Focus
⚔️ 13.2% · 🌾 86.8%
Knight ×5 · Scout Cavalry ×1
Feudal
13:48
Castle
20:40
Imperial
—
| APM avg | 17.9 |
| APM peak | 28 |
| eAPM avg | 7.6 |
| Villagers / military | 37 / 24 |
Focus
⚔️ 31.0% · 🌾 69.0%
Cavalry Archer ×18 · Scout Cavalry ×4 · Knight ×2
Match map
Initial resources + every placement click. Lines = walls · curves = elevation contours. ◆ gold · ⬟ stone · ● berries · ✦ relic · ◌ wall gap
Your base· Open — unwalled flank
LWwcnm's base· Open — unwalled flank
LordBuñuelo's base· Open — unwalled flank
petermcpete1's base· Open — unwalled flank
Lord_Mank's base· Open — 9t gap
mikeespin's base· Open — 7t gap
Альберт's base· Open — unwalled flank
julianlgp's base· Open — unwalled flank
Smoothed initial terrain · ◌ = detected wall gap · hover for details
Inputs per minute
— Ctrl Gio - - LWwcnm
Build order — Ctrl Gio
110 actions detected in the replay
| 0:56 | Build | Town Center |
| 2:20 | Build | House |
| 3:04 | Create | Villager (Male) |
| 3:10 | Research | Loom |
| 3:13 | Create | Villager (Male) |
| 3:14 | Create | Villager (Male) |
| 3:20 | Create | Villager (Male) |
| 4:18 | Create | Villager (Male) |
| 5:00 | Create | Villager (Male) |
| 5:08 | Build | House |
| 5:11 | Create | Villager (Male) |
| 6:15 | Create | Villager (Male) |
| 6:37 | Create | Villager (Male) |
| 7:01 | Create | Villager (Male) |
| 7:12 | Create | Villager (Male) |
| 7:19 | Build | House |
| 7:34 | Create | Villager (Male) |
| 8:06 | Create | Villager (Male) |
| 8:25 | Build | Mill |
| 8:31 | Create | Villager (Male) |
| 8:32 | Create | Villager (Male) |
| 8:33 | Create | Villager (Male) |
| 8:33 | Create | Villager (Male) |
| 9:02 | Create | Villager (Male) |
| 10:28 | Research | Feudal Age |
| 11:15 | Build | House |
| 11:19 | Build | House |
| 11:37 | Build | Barracks |
| 12:17 | Create | Villager (Male) |
| 12:44 | Age | Feudal Age |
| 12:48 | Build | Stable |
| 12:49 | Create | Villager (Male) |
| 13:01 | Create | Spearman |
| 13:07 | Create | Villager (Male) |
| 13:17 | Build | House |
| 13:23 | Build | Blacksmith |
| 13:29 | Create | Scout Cavalry |
| 13:29 | Create | Scout Cavalry |
| 13:38 | Create | Villager (Male) |
| 13:54 | Build | House |
| 13:56 | Build | House |
| 14:05 | Create | Scout Cavalry |
| 14:12 | Research | Forging |
| 14:17 | Create | Villager (Male) |
| 14:39 | Build | House |
| 14:40 | Create | Villager (Male) |
| 14:48 | Create | Scout Cavalry |
| 15:13 | Create | Villager (Male) |
| 15:16 | Build | House |
| 15:23 | Build | Farm |
| 15:23 | Build | Farm |
| 15:24 | Build | Farm |
| 15:24 | Build | Farm |
| 15:28 | Create | Scout Cavalry |
| 15:47 | Create | Villager (Male) |
| 15:49 | Create | Villager (Male) |
| 16:16 | Create | Villager (Male) |
| 16:24 | Build | Farm |
| 16:53 | Create | Villager (Male) |
| 17:16 | Create | Villager (Male) |
| 17:20 | Create | Spearman |
| 17:34 | Create | Villager (Male) |
| 18:12 | Create | Villager (Male) |
| 18:33 | Create | Villager (Male) |
| 18:47 | Build | Market |
| 19:02 | Create | Villager (Male) |
| 19:04 | Create | Scout Cavalry |
| 19:05 | Create | Scout Cavalry |
| 19:05 | Create | Scout Cavalry |
| 19:12 | Build | Mule Cart |
| 19:21 | Research | Scale Barding Armor |
| 19:23 | Create | Villager (Male) |
| 19:23 | Create | Villager (Male) |
| 20:00 | Create | Villager (Male) |
| 20:13 | Create | Scout Cavalry |
| 20:13 | Create | Scout Cavalry |
| 20:16 | Create | Villager (Male) |
| 20:22 | Build | Mule Cart |
| 20:32 | Create | Villager (Male) |
| 20:40 | Build | Mill |
| 20:44 | Create | Spearman |
| 20:49 | Create | Scout Cavalry |
| 20:49 | Create | Scout Cavalry |
| 20:54 | Create | Villager (Male) |
| 20:57 | Build | House |
| 21:19 | Build | House |
| 21:20 | Build | House |
| 21:50 | Create | Villager (Male) |
| 22:18 | Create | Scout Cavalry |
| 22:18 | Create | Scout Cavalry |
| 22:19 | Create | Villager (Male) |
| 22:42 | Create | Villager (Male) |
| 22:52 | Create | Spearman |
| 23:13 | Create | Villager (Male) |
| 23:53 | Create | Villager (Male) |
| 23:53 | Create | Villager (Male) |
| 24:48 | Research | Castle Age |
| 26:01 | Create | Villager (Male) |
| 26:05 | Build | Stable |
| 26:10 | Research | Horse Collar |
| 26:12 | Research | Double-Bit Axe |
| 26:15 | Research | Gold Mining |
| 26:22 | Research | Bloodlines |
| 26:37 | Build | Mill |
| 27:04 | Create | Villager (Male) |
| 27:28 | Age | Castle Age |
| 27:32 | Create | Knight |
| 27:32 | Create | Knight |
| 27:32 | Create | Knight |
| 27:43 | Build | Town Center |
Build order — LWwcnm
81 actions detected in the replay
| 0:10 | Build | Town Center |
| 0:27 | Build | Mining Camp |
| 2:24 | Create | Villager (Male) ×4 |
| 2:24 | Create | Villager (Male) ×4 |
| 3:39 | Create | Villager (Male) |
| 3:39 | Create | Villager (Male) |
| 4:13 | Create | Villager (Male) |
| 4:13 | Create | Villager (Male) |
| 4:41 | Create | Villager (Male) |
| 4:42 | Create | Villager (Male) |
| 5:03 | Create | Villager (Male) |
| 5:03 | Create | Villager (Male) |
| 5:22 | Create | Villager (Male) |
| 5:22 | Create | Villager (Male) |
| 6:18 | Create | Villager (Male) |
| 6:50 | Create | Villager (Male) |
| 6:51 | Create | Villager (Male) |
| 6:51 | Create | Villager (Male) |
| 7:13 | Create | Villager (Male) |
| 7:13 | Create | Villager (Male) |
| 7:13 | Create | Villager (Male) |
| 7:14 | Create | Villager (Male) |
| 8:14 | Build | Lumber Camp |
| 8:20 | Create | Villager (Male) |
| 8:20 | Create | Villager (Male) |
| 8:20 | Create | Villager (Male) |
| 10:09 | Create | Villager (Male) |
| 10:48 | Build | Lumber Camp |
| 10:50 | Research | Feudal Age |
| 12:18 | Create | Villager (Male) |
| 12:18 | Create | Villager (Male) |
| 12:34 | Build | Barracks |
| 12:38 | Build | Palisade Wall |
| 13:00 | Age | Feudal Age |
| 13:27 | Build | Blacksmith |
| 13:35 | Create | Villager (Male) |
| 13:36 | Create | Villager (Male) |
| 13:52 | Build | Archery Range |
| 13:58 | Build | Palisade Wall |
| 14:28 | Build | Palisade Wall |
| 14:37 | Create | Villager (Male) |
| 14:46 | Build | Gate |
| 15:02 | Create | Villager (Male) |
| 15:06 | Create | Villager (Male) |
| 15:34 | Build | Archery Range |
| 15:51 | Build | Mining Camp |
| 16:06 | Create | Villager (Male) |
| 16:41 | Build | Stable |
| 17:17 | Build | Mill |
| 18:03 | Build | Farm |
| 18:04 | Build | Farm |
| 18:13 | Research | Castle Age |
| 18:23 | Research | Loom |
| 19:12 | Build | Farm |
| 19:13 | Build | Farm |
| 19:14 | Build | Farm |
| 19:22 | Research | Stone Mining |
| 19:37 | Build | Farm |
| 19:38 | Build | Farm |
| 20:22 | Build | Stone Wall |
| 20:28 | Build | Stone Wall |
| 20:30 | Build | Stone Wall |
| 20:53 | Age | Castle Age |
| 20:58 | Create | Knight |
| 20:59 | Create | Knight |
| 21:38 | Create | Knight |
| 21:59 | Build | Stone Wall |
| 22:21 | Create | Knight |
| 22:37 | Build | Town Center |
| 23:03 | Create | Villager (Male) |
| 23:54 | Create | Villager (Male) |
| 24:36 | Build | Siege Workshop |
| 25:21 | Create | Villager (Male) |
| 25:21 | Create | Villager (Male) |
| 25:21 | Create | Villager (Male) |
| 26:10 | Create | Villager (Male) |
| 26:11 | Create | Villager (Male) |
| 26:45 | Create | Villager (Male) |
| 26:46 | Create | Villager (Male) |
| 27:11 | Create | Scorpion |
| 27:37 | Create | Scorpion |
Build order — LordBuñuelo
58 actions detected in the replay
| 0:58 | Build | Town Center |
| 1:13 | Build | Town Center |
| 3:37 | Create | Villager (Male) |
| 3:38 | Create | Villager (Male) |
| 3:47 | Create | Villager (Male) |
| 4:02 | Create | Villager (Male) |
| 4:12 | Build | Mill |
| 4:34 | Build | House |
| 4:36 | Build | House |
| 4:40 | Research | Loom |
| 4:48 | Create | Villager (Male) |
| 4:48 | Create | Villager (Male) |
| 5:38 | Create | Villager (Male) |
| 6:01 | Create | Villager (Male) |
| 6:01 | Create | Villager (Male) |
| 6:15 | Create | Villager (Male) |
| 7:01 | Create | Villager (Male) |
| 7:01 | Create | Villager (Male) |
| 7:21 | Create | Villager (Male) |
| 7:40 | Create | Villager (Male) |
| 8:11 | Create | Villager (Male) |
| 8:12 | Create | Villager (Male) |
| 8:15 | Build | House |
| 9:04 | Create | Villager (Male) |
| 9:31 | Create | Villager (Male) |
| 9:59 | Create | Villager (Male) |
| 10:55 | Create | Villager (Male) |
| 10:56 | Create | Villager (Male) |
| 11:00 | Build | Lumber Camp |
| 12:01 | Research | Feudal Age |
| 12:11 | Build | Mill |
| 13:26 | Build | Mill |
| 13:28 | Create | Villager (Male) |
| 13:29 | Create | Villager (Male) |
| 13:34 | Build | House |
| 14:11 | Age | Feudal Age |
| 14:38 | Build | Mining Camp |
| 14:58 | Create | Villager (Male) |
| 15:28 | Create | Villager (Male) |
| 15:41 | Create | Villager (Male) |
| 16:15 | Build | Barracks |
| 16:22 | Create | Villager (Male) |
| 16:38 | Build | House |
| 16:58 | Build | House |
| 17:16 | Build | Market |
| 17:34 | Build | Blacksmith |
| 17:35 | Create | Villager (Male) |
| 18:13 | Research | Castle Age |
| 18:13 | Research | Castle Age |
| 18:30 | Build | House |
| 18:59 | Build | Lumber Camp |
| 19:19 | Create | Villager (Male) |
| 20:53 | Age | Castle Age |
| 20:57 | Research | Fletching |
| 22:15 | Build | Town Center |
| 22:22 | Create | Villager (Male) |
| 23:48 | Build | House |
| 24:22 | Create | Villager (Male) |
Build order — petermcpete1
115 actions detected in the replay
| 1:13 | Build | Town Center |
| 3:17 | Create | Villager (Male) |
| 3:17 | Create | Villager (Male) |
| 3:17 | Create | Villager (Male) |
| 3:18 | Create | Villager (Male) |
| 3:18 | Create | Villager (Male) |
| 3:48 | Build | House |
| 3:52 | Build | House |
| 5:09 | Create | Villager (Male) |
| 5:09 | Create | Villager (Male) |
| 5:15 | Build | Lumber Camp |
| 5:34 | Build | Lumber Camp |
| 5:40 | Create | Villager (Male) |
| 6:03 | Create | Villager (Male) |
| 6:38 | Create | Villager (Male) |
| 7:11 | Build | House |
| 7:18 | Create | Villager (Male) |
| 7:18 | Create | Villager (Male) |
| 7:54 | Create | Villager (Male) |
| 8:21 | Create | Villager (Male) |
| 8:58 | Create | Villager (Male) |
| 9:00 | Create | Villager (Male) |
| 9:41 | Build | House |
| 10:02 | Build | Mill |
| 10:04 | Create | Villager (Male) |
| 10:21 | Build | Mill |
| 10:30 | Research | Loom |
| 11:05 | Research | Feudal Age |
| 11:35 | Build | Lumber Camp |
| 12:11 | Build | Mining Camp |
| 12:39 | Create | Villager (Male) |
| 12:39 | Create | Villager (Male) |
| 13:15 | Age | Feudal Age |
| 13:18 | Build | Barracks |
| 13:36 | Research | Double-Bit Axe |
| 13:44 | Research | Horse Collar |
| 14:05 | Create | Villager (Male) |
| 14:05 | Create | Villager (Male) |
| 14:26 | Build | Archery Range |
| 14:31 | Build | House |
| 14:38 | Create | Villager (Male) |
| 15:12 | Create | Archer |
| 15:12 | Create | Archer |
| 15:20 | Create | Villager (Male) |
| 15:26 | Build | Blacksmith |
| 15:48 | Create | Villager (Male) |
| 15:52 | Build | House |
| 16:07 | Create | Archer |
| 16:09 | Create | Villager (Male) |
| 16:16 | Research | Fletching |
| 16:22 | Build | Farm |
| 16:23 | Build | Farm |
| 16:24 | Build | Farm |
| 16:39 | Create | Archer |
| 16:43 | Create | Villager (Male) |
| 17:09 | Create | Archer |
| 17:10 | Create | Villager (Male) |
| 17:31 | Create | Villager (Male) |
| 17:36 | Build | House |
| 17:37 | Build | House |
| 17:57 | Build | Farm |
| 17:58 | Build | Farm |
| 17:59 | Build | Farm |
| 18:01 | Create | Villager (Male) |
| 18:51 | Create | Villager (Male) |
| 19:46 | Build | Farm |
| 19:46 | Build | Farm |
| 19:46 | Build | Farm |
| 19:47 | Build | Farm |
| 19:47 | Build | Farm |
| 20:12 | Research | Castle Age |
| 20:15 | Create | Archer |
| 20:16 | Create | Archer |
| 20:16 | Create | Archer |
| 20:38 | Create | Villager (Male) |
| 20:44 | Build | Archery Range |
| 20:45 | Build | Archery Range |
| 20:55 | Create | Archer |
| 20:55 | Create | Archer |
| 22:50 | Create | Archer |
| 22:50 | Create | Archer |
| 22:51 | Create | Archer |
| 22:52 | Create | Archer |
| 22:52 | Age | Castle Age |
| 22:54 | Create | Villager (Male) |
| 22:54 | Create | Villager (Male) |
| 22:55 | Create | Villager (Male) |
| 23:00 | Build | Town Center |
| 23:03 | Build | Town Center |
| 23:08 | Research | Bow Saw |
| 23:11 | Research | Heavy Plow |
| 23:44 | Research | Bodkin Arrow |
| 24:30 | Create | Villager (Male) |
| 24:30 | Create | Villager (Male) |
| 24:30 | Create | Villager (Male) |
| 25:38 | Create | Villager (Male) |
| 25:38 | Create | Villager (Male) |
| 25:39 | Create | Villager (Male) |
| 25:39 | Create | Villager (Male) |
| 25:44 | Create | Villager (Male) |
| 25:45 | Create | Villager (Male) |
| 25:45 | Create | Villager (Male) |
| 26:01 | Build | House |
| 26:02 | Build | House |
| 26:03 | Build | House |
| 26:33 | Research | Crossbowman (upgrade) |
| 26:40 | Build | Market |
| 26:44 | Create | Villager (Male) |
| 26:46 | Create | Archer |
| 26:46 | Create | Archer |
| 26:47 | Create | Archer |
| 27:24 | Create | Villager (Male) |
| 27:24 | Create | Villager (Male) |
| 27:24 | Create | Villager (Male) |
| 27:24 | Create | Villager (Male) |
Build order — Lord_Mank
106 actions detected in the replay
| 1:16 | Build | Town Center |
| 3:53 | Create | Villager (Male) |
| 3:53 | Create | Villager (Male) |
| 3:54 | Create | Villager (Male) |
| 3:54 | Create | Villager (Male) |
| 3:54 | Create | Villager (Male) |
| 3:58 | Build | House |
| 4:13 | Build | House |
| 5:45 | Create | Villager (Male) |
| 5:45 | Create | Villager (Male) |
| 6:17 | Create | Villager (Male) |
| 6:17 | Create | Villager (Male) |
| 6:17 | Create | Villager (Male) |
| 6:25 | Create | Villager (Male) |
| 6:25 | Create | Villager (Male) |
| 7:15 | Create | Villager (Male) |
| 7:15 | Create | Villager (Male) |
| 7:16 | Create | Villager (Male) |
| 7:16 | Create | Villager (Male) |
| 7:37 | Create | Villager (Male) |
| 7:38 | Create | Villager (Male) |
| 7:38 | Create | Villager (Male) |
| 8:14 | Build | House |
| 8:43 | Create | Villager (Male) |
| 8:58 | Build | Barracks |
| 9:24 | Create | Villager (Male) |
| 9:25 | Create | Villager (Male) |
| 9:40 | Create | Villager (Male) |
| 9:58 | Build | Mill |
| 10:21 | Create | Villager (Male) |
| 10:36 | Create | Villager (Male) |
| 10:59 | Research | Loom |
| 11:18 | Build | House |
| 11:56 | Research | Feudal Age |
| 12:58 | Build | Lumber Camp |
| 13:01 | Create | Villager (Male) |
| 13:52 | Build | Mining Camp |
| 14:06 | Age | Feudal Age |
| 14:08 | Build | House |
| 14:27 | Create | Villager (Male) |
| 14:55 | Build | Archery Range |
| 15:10 | Build | Farm |
| 15:13 | Build | Farm |
| 15:28 | Build | Farm |
| 15:30 | Create | Villager (Male) |
| 15:30 | Create | Villager (Male) |
| 15:39 | Build | Farm |
| 15:58 | Create | Archer |
| 15:58 | Create | Archer |
| 15:58 | Create | Archer |
| 16:15 | Create | Villager (Male) |
| 16:31 | Create | Villager (Male) |
| 16:38 | Build | Farm |
| 16:45 | Create | Archer |
| 17:10 | Build | Mining Camp |
| 17:13 | Create | Villager (Male) |
| 17:13 | Create | Villager (Male) |
| 17:17 | Create | Archer |
| 17:29 | Build | Blacksmith |
| 17:34 | Create | Villager (Male) |
| 17:34 | Create | Villager (Male) |
| 17:45 | Build | House |
| 18:22 | Create | Villager (Male) |
| 18:22 | Create | Villager (Male) |
| 19:07 | Create | Villager (Male) |
| 19:10 | Build | House |
| 19:14 | Build | House |
| 19:17 | Build | House |
| 20:08 | Create | Villager (Male) |
| 20:56 | Create | Villager (Male) |
| 20:56 | Create | Villager (Male) |
| 21:02 | Build | House |
| 21:03 | Build | House |
| 21:48 | Build | Farm |
| 21:48 | Build | Farm |
| 21:48 | Build | Farm |
| 21:49 | Build | Farm |
| 21:49 | Build | Farm |
| 21:49 | Build | Farm |
| 22:02 | Create | Spearman |
| 22:03 | Create | Spearman |
| 22:26 | Create | Villager (Male) |
| 22:26 | Create | Villager (Male) |
| 22:29 | Build | House |
| 22:30 | Build | House |
| 22:33 | Build | House |
| 23:40 | Create | Villager (Male) |
| 23:40 | Create | Villager (Male) |
| 24:13 | Create | Spearman |
| 24:13 | Create | Spearman |
| 24:28 | Build | Market |
| 24:34 | Create | Villager (Male) |
| 24:45 | Create | Archer |
| 24:46 | Create | Archer |
| 24:46 | Create | Archer |
| 24:50 | Create | Archer |
| 24:54 | Research | Castle Age |
| 25:27 | Create | Villager (Male) |
| 25:31 | Create | Villager (Male) |
| 26:10 | Create | Archer |
| 26:10 | Create | Archer |
| 26:27 | Build | Lumber Camp |
| 26:35 | Create | Archer |
| 26:46 | Create | Archer |
| 27:11 | Research | Double-Bit Axe |
| 27:39 | Age | Castle Age |
Build order — mikeespin
113 actions detected in the replay
| 0:23 | Build | Town Center |
| 2:54 | Create | Villager (Male) ×4 |
| 2:54 | Create | Villager (Male) ×4 |
| 3:19 | Research | Loom |
| 4:01 | Build | House |
| 4:03 | Build | House |
| 4:05 | Build | House |
| 4:07 | Build | House |
| 4:19 | Create | Villager (Male) |
| 4:19 | Create | Villager (Male) |
| 4:20 | Create | Villager (Male) |
| 4:49 | Build | Donjon |
| 4:57 | Build | House |
| 4:59 | Build | House |
| 5:07 | Create | Villager (Male) |
| 5:07 | Create | Villager (Male) |
| 6:25 | Create | Villager (Male) |
| 6:25 | Create | Villager (Male) |
| 6:26 | Create | Villager (Male) |
| 6:51 | Create | Villager (Male) |
| 6:52 | Create | Villager (Male) |
| 7:32 | Create | Villager (Male) |
| 8:07 | Build | House |
| 8:17 | Build | Mining Camp |
| 8:29 | Create | Villager (Male) |
| 9:01 | Create | Villager (Male) |
| 9:01 | Create | Villager (Male) |
| 9:32 | Create | Villager (Male) |
| 9:34 | Create | Villager (Male) |
| 10:01 | Build | Lumber Camp |
| 10:07 | Create | Villager (Male) |
| 10:37 | Create | Villager (Male) |
| 10:37 | Create | Villager (Male) |
| 11:20 | Create | Villager (Male) |
| 12:04 | Build | Mill |
| 12:08 | Create | Villager (Male) |
| 12:25 | Research | Feudal Age |
| 13:39 | Build | Donjon |
| 13:49 | Build | Mining Camp |
| 13:55 | Create | Villager (Male) |
| 13:56 | Create | Villager (Male) |
| 13:56 | Create | Villager (Male) |
| 13:56 | Create | Villager (Male) |
| 14:52 | Build | Donjon |
| 14:56 | Age | Feudal Age |
| 14:58 | Research | Double-Bit Axe |
| 15:04 | Create | Serjeant |
| 15:05 | Create | Serjeant |
| 15:05 | Create | Serjeant |
| 15:44 | Build | Mill |
| 16:03 | Research | Stone Mining |
| 16:06 | Create | Villager (Male) |
| 16:07 | Create | Villager (Male) |
| 16:28 | Build | Donjon |
| 16:35 | Create | Serjeant |
| 17:14 | Create | Serjeant |
| 17:14 | Create | Serjeant |
| 17:14 | Create | Serjeant |
| 17:42 | Create | Spearman |
| 17:42 | Create | Spearman |
| 18:30 | Build | Donjon |
| 18:36 | Create | Serjeant |
| 19:15 | Create | Spearman |
| 19:15 | Create | Spearman |
| 19:22 | Create | Villager (Male) |
| 19:38 | Create | Serjeant |
| 19:38 | Create | Serjeant |
| 19:49 | Build | Farm |
| 19:50 | Build | Farm |
| 19:51 | Build | Farm |
| 19:53 | Build | Farm |
| 19:54 | Build | Farm |
| 19:55 | Build | Farm |
| 20:03 | Build | Farm |
| 20:06 | Create | Villager (Male) |
| 20:06 | Create | Villager (Male) |
| 20:28 | Build | Donjon |
| 20:35 | Create | Spearman |
| 20:35 | Create | Spearman |
| 21:06 | Create | Villager (Male) |
| 21:06 | Create | Villager (Male) |
| 21:07 | Create | Villager (Male) |
| 21:58 | Create | Spearman |
| 21:58 | Create | Spearman |
| 21:58 | Create | Spearman |
| 22:44 | Create | Villager (Male) |
| 22:44 | Create | Villager (Male) |
| 22:44 | Create | Villager (Male) |
| 23:36 | Create | Serjeant |
| 23:36 | Create | Serjeant |
| 23:37 | Create | Serjeant |
| 23:51 | Build | Donjon |
| 23:55 | Build | Mining Camp |
| 24:04 | Build | House |
| 24:05 | Build | House |
| 24:06 | Build | House |
| 24:08 | Build | House |
| 24:13 | Build | Market |
| 24:16 | Build | Blacksmith |
| 24:38 | Research | Wheelbarrow |
| 25:49 | Build | Farm |
| 25:51 | Build | Farm |
| 25:53 | Build | Farm |
| 25:54 | Build | Farm |
| 25:57 | Build | Farm |
| 25:59 | Build | Farm |
| 26:04 | Create | Villager (Male) |
| 26:04 | Create | Villager (Male) |
| 26:05 | Create | Villager (Male) |
| 26:43 | Build | Farm |
| 27:15 | Build | Farm |
| 27:16 | Build | Farm |
| 27:35 | Research | Castle Age |
Build order — Альберт
118 actions detected in the replay
| 0:16 | Build | House |
| 0:23 | Build | House |
| 0:44 | Build | Town Center |
| 1:41 | Build | Mill |
| 2:54 | Create | Villager (Male) |
| 2:54 | Create | Villager (Male) |
| 2:55 | Create | Villager (Male) |
| 2:55 | Create | Villager (Male) |
| 4:44 | Create | Villager (Male) |
| 5:25 | Create | Villager (Male) |
| 5:25 | Create | Villager (Male) |
| 5:43 | Create | Villager (Male) |
| 6:17 | Create | Villager (Male) |
| 6:17 | Create | Villager (Male) |
| 7:10 | Build | Mill |
| 7:19 | Build | House |
| 7:22 | Build | House |
| 7:24 | Create | Villager (Male) |
| 7:24 | Create | Villager (Male) |
| 7:24 | Create | Villager (Male) |
| 7:25 | Create | Villager (Male) |
| 7:45 | Research | Loom |
| 7:45 | Create | Villager (Male) |
| 7:45 | Create | Villager (Male) |
| 7:45 | Create | Villager (Male) |
| 7:50 | Build | House |
| 8:33 | Create | Villager (Male) |
| 9:39 | Create | Villager (Male) |
| 9:39 | Create | Villager (Male) |
| 9:39 | Create | Villager (Male) |
| 9:40 | Create | Villager (Male) |
| 9:40 | Create | Villager (Male) |
| 11:03 | Build | Barracks |
| 11:06 | Build | Mining Camp |
| 11:11 | Create | Villager (Male) |
| 11:12 | Create | Villager (Male) |
| 11:13 | Create | Villager (Male) |
| 12:11 | Create | Villager (Male) |
| 12:11 | Create | Villager (Male) |
| 12:12 | Create | Villager (Male) |
| 12:23 | Research | Feudal Age |
| 13:46 | Build | Mining Camp |
| 14:33 | Create | Villager (Male) |
| 14:33 | Create | Villager (Male) |
| 14:34 | Create | Villager (Male) |
| 14:35 | Create | Villager (Male) |
| 14:44 | Build | Mill |
| 14:46 | Age | Feudal Age |
| 15:40 | Build | Blacksmith |
| 16:08 | Create | Villager (Male) |
| 16:37 | Build | Stable |
| 16:41 | Create | Villager (Male) |
| 16:42 | Create | Villager (Male) |
| 17:07 | Create | Scout Cavalry |
| 17:16 | Research | Castle Age |
| 17:25 | Build | House |
| 17:26 | Build | House |
| 17:27 | Build | House |
| 18:30 | Build | House |
| 18:30 | Build | House |
| 18:31 | Build | House |
| 18:53 | Build | Stable |
| 19:32 | Build | Lumber Camp |
| 19:39 | Create | Villager (Male) |
| 19:39 | Create | Villager (Male) |
| 19:40 | Create | Villager (Male) |
| 19:56 | Age | Castle Age |
| 20:01 | Create | Villager (Male) |
| 20:03 | Research | Double-Bit Axe |
| 20:06 | Create | Knight |
| 20:06 | Create | Knight |
| 20:06 | Create | Knight |
| 20:13 | Create | Knight |
| 20:40 | Build | Town Center |
| 20:47 | Create | Villager (Male) |
| 20:58 | Research | Scale Barding Armor |
| 21:32 | Create | Villager (Male) |
| 21:34 | Create | Knight |
| 21:59 | Create | Villager (Male) |
| 22:01 | Create | Villager (Male) |
| 22:02 | Create | Villager (Male) |
| 22:03 | Create | Villager (Male) |
| 22:33 | Create | Villager (Male) |
| 22:34 | Create | Villager (Male) |
| 22:34 | Create | Villager (Male) |
| 22:59 | Create | Villager (Male) |
| 22:59 | Create | Villager (Male) |
| 24:55 | Build | Castle |
| 24:57 | Build | Mill |
| 25:16 | Create | Villager (Male) |
| 25:17 | Create | Villager (Male) |
| 25:17 | Create | Villager (Male) |
| 25:17 | Create | Villager (Male) |
| 25:17 | Create | Villager (Male) |
| 25:18 | Create | Villager (Male) |
| 25:18 | Create | Villager (Male) |
| 25:19 | Create | Villager (Male) |
| 25:19 | Create | Villager (Male) |
| 25:28 | Build | Mill |
| 25:30 | Build | Mill |
| 25:39 | Build | Town Center |
| 26:07 | Build | Farm |
| 26:07 | Build | Farm |
| 26:08 | Build | Farm |
| 26:09 | Build | Farm |
| 26:13 | Build | Farm |
| 26:15 | Build | Farm |
| 26:18 | Build | Farm |
| 26:20 | Build | Farm |
| 26:22 | Build | Farm |
| 26:24 | Build | Farm |
| 27:10 | Create | Villager (Male) |
| 27:10 | Create | Villager (Male) |
| 27:19 | Create | Villager (Male) |
| 27:46 | Create | Villager (Male) |
| 27:46 | Create | Villager (Male) |
| 27:47 | Create | Villager (Male) |
| 27:47 | Create | Villager (Male) |
Build order — julianlgp
90 actions detected in the replay
| 0:25 | Build | Town Center |
| 1:44 | Build | Mill |
| 3:16 | Create | Villager (Male) |
| 3:17 | Create | Villager (Male) |
| 3:17 | Create | Villager (Male) |
| 3:17 | Create | Villager (Male) |
| 4:33 | Create | Villager (Male) |
| 4:33 | Create | Villager (Male) |
| 5:08 | Research | Loom |
| 5:28 | Create | Villager (Male) |
| 5:38 | Create | Villager (Male) |
| 6:20 | Create | Villager (Male) |
| 6:20 | Create | Villager (Male) |
| 6:52 | Create | Villager (Male) |
| 7:06 | Create | Villager (Male) |
| 7:47 | Create | Villager (Male) |
| 8:45 | Create | Villager (Male) |
| 9:17 | Build | Mill |
| 9:36 | Create | Villager (Male) |
| 10:19 | Create | Villager (Male) |
| 10:48 | Create | Villager (Male) |
| 10:58 | Build | Lumber Camp |
| 11:06 | Create | Villager (Male) |
| 11:25 | Research | Feudal Age |
| 11:26 | Research | Feudal Age |
| 12:46 | Build | Mill |
| 13:01 | Build | Barracks |
| 13:48 | Age | Feudal Age |
| 13:57 | Research | Double-Bit Axe |
| 13:59 | Create | Villager (Male) |
| 14:02 | Research | Town Watch |
| 14:36 | Create | Villager (Male) |
| 14:52 | Build | Stable |
| 15:30 | Create | Villager (Male) |
| 15:53 | Build | Blacksmith |
| 15:58 | Create | Villager (Male) |
| 16:12 | Create | Scout Cavalry |
| 16:48 | Create | Scout Cavalry |
| 16:50 | Create | Villager (Male) |
| 17:31 | Create | Villager (Male) |
| 17:35 | Research | Forging |
| 18:00 | Research | Castle Age |
| 18:24 | Create | Scout Cavalry |
| 18:24 | Create | Scout Cavalry |
| 18:38 | Create | Villager (Male) |
| 18:46 | Build | Mill |
| 18:53 | Build | Mill |
| 18:55 | Create | Villager (Male) |
| 19:06 | Build | Archery Range |
| 19:06 | Build | Archery Range |
| 19:17 | Create | Villager (Male) |
| 20:20 | Build | Market |
| 20:40 | Age | Castle Age |
| 20:52 | Create | Cavalry Archer |
| 20:52 | Create | Cavalry Archer |
| 20:53 | Create | Cavalry Archer |
| 20:53 | Create | Cavalry Archer |
| 21:34 | Research | Fletching |
| 21:55 | Create | Cavalry Archer |
| 21:55 | Create | Cavalry Archer |
| 22:20 | Research | Bodkin Arrow |
| 22:39 | Build | Mining Camp |
| 22:43 | Create | Villager (Male) |
| 22:43 | Create | Villager (Male) |
| 23:12 | Create | Knight |
| 23:13 | Create | Knight |
| 23:15 | Research | Husbandry |
| 23:18 | Create | Villager (Male) |
| 23:18 | Create | Villager (Male) |
| 23:36 | Create | Cavalry Archer |
| 23:36 | Create | Cavalry Archer |
| 23:36 | Create | Cavalry Archer |
| 23:38 | Create | Villager (Male) |
| 23:38 | Create | Villager (Male) |
| 24:14 | Create | Cavalry Archer |
| 24:14 | Create | Cavalry Archer |
| 24:14 | Create | Cavalry Archer |
| 24:27 | Create | Villager (Male) |
| 24:27 | Create | Villager (Male) |
| 24:55 | Research | Thumb Ring |
| 25:12 | Create | Cavalry Archer |
| 25:12 | Create | Cavalry Archer |
| 25:13 | Create | Villager (Male) |
| 25:51 | Research | Padded Archer Armor |
| 26:47 | Create | Cavalry Archer |
| 26:48 | Create | Cavalry Archer |
| 26:50 | Create | Villager (Male) |
| 27:03 | Build | Town Center |
| 27:25 | Create | Cavalry Archer |
| 27:25 | Create | Cavalry Archer |
Match timeline
| 4:49 | mikeespin · first_building Donjon |
| 8:58 | Lord_Mank · first_building Barracks |
| 11:03 | Альберт · first_building Barracks |
| 11:37 | Ctrl Gio · first_building Barracks |
| 12:34 | LWwcnm · first_building Barracks |
| 12:38 | LWwcnm · wall_segment Palisade Wall x2 |
| 12:44 | Ctrl Gio · age_up feudal |
| 12:48 | Ctrl Gio · first_building Stable |
| 13:00 | LWwcnm · age_up feudal |
| 13:01 | julianlgp · first_building Barracks |
| 13:15 | petermcpete1 · age_up feudal |
| 13:18 | petermcpete1 · first_building Barracks |
| 13:48 | julianlgp · age_up feudal |
| 13:52 | LWwcnm · first_building Archery Range |
| 13:58 | LWwcnm · wall_segment Palisade Wall x2 |
| 14:06 | Lord_Mank · age_up feudal |
| 14:11 | LordBuñuelo · age_up feudal |
| 14:26 | petermcpete1 · first_building Archery Range |
| 14:28 | LWwcnm · wall_segment Palisade Wall x11 |
| 14:46 | Альберт · age_up feudal |
| 14:52 | julianlgp · first_building Stable |
| 14:55 | Lord_Mank · first_building Archery Range |
| 14:56 | mikeespin · age_up feudal |
| 16:15 | LordBuñuelo · first_building Barracks |
| 16:37 | Альберт · first_building Stable |
| 16:41 | LWwcnm · first_building Stable |
| 19:06 | julianlgp · first_building Archery Range |
| 19:56 | Альберт · age_up castle |
| 20:22 | LWwcnm · wall_segment Stone Wall x4 |
| 20:28 | LWwcnm · wall_segment Stone Wall x2 |
| 20:30 | LWwcnm · wall_segment Stone Wall x2 |
| 20:40 | julianlgp · age_up castle |
| 20:53 | LordBuñuelo · age_up castle |
| 20:53 | LWwcnm · age_up castle |
| 21:21 | julianlgp · first_market_buy 100 wood |
| 21:28 | julianlgp · tribute_sent a jugador 1 |
| 21:28 | julianlgp · tribute_sent a jugador 2 |
| 21:28 | julianlgp · tribute_sent a jugador 3 |
| 21:28 | julianlgp · tribute_sent a jugador 4 |
| 21:28 | julianlgp · tribute_sent a jugador 5 |
| 21:28 | julianlgp · tribute_sent a jugador 6 |
| 21:28 | julianlgp · tribute_sent a jugador 7 |
| 21:59 | LWwcnm · wall_segment Stone Wall x3 |
| 22:08 | Ctrl Gio · tribute_sent a jugador 1 |
| 22:08 | Ctrl Gio · tribute_sent a jugador 2 |
| 22:08 | Ctrl Gio · tribute_sent a jugador 3 |
| 22:08 | Ctrl Gio · tribute_sent a jugador 4 |
| 22:08 | Ctrl Gio · tribute_sent a jugador 5 |
| 22:08 | Ctrl Gio · tribute_sent a jugador 7 |
| 22:08 | Ctrl Gio · tribute_sent a jugador 8 |
| 22:17 | julianlgp · first_market_sell 100 food |
| 22:52 | petermcpete1 · age_up castle |
| 24:32 | Ctrl Gio · first_market_buy 100 food |
| 24:36 | LWwcnm · first_building Siege Workshop |
| 24:55 | Альберт · first_building Castle |
| 27:28 | Ctrl Gio · age_up castle |
| 27:39 | Lord_Mank · age_up castle |
| 27:46 | julianlgp · resign |
[ AI ANALYSIS · 1 CREDIT ]
What really happened in this match?
Wolo.gg analyzes every decision: build order, eco, micro, common mistakes by bracket. Personalized analysis on WhatsApp or Discord in 30 seconds.
Civ guide
Georgians
Perfil
Jugador #2878989